 Dungeon Crawl Stone Soup version 0.30.0-30-g96aa6591b8 (webtiles) character file.

Game seed: 8582456676352417987

231 Cheops the Digger (level 5, -1/40 HPs)
             Began as an Armataur Earth Elementalist on June 26, 2023.
             Slain by an iguana (9 damage)
             ... on level 3 of the Dungeon.
             The game lasted 00:06:14 (3293 turns).

Cheops the Digger (Armataur Earth Elementalist)     Turns: 3293, Time: 00:06:15

Health: -1/40      AC:  5    Str: 14    XL:     5   Next: 72%
Magic:  0/8        EV:  9    Int: 17    God:
Gold:   46         SH:  0    Dex: 10    Spells: 1/8 levels left

rFire   . . .        a - +2 quarterstaff (chaos)
rCold   . . .        (shield currently unavailable)
rNeg    . . .        h - +0 robe
rPois   .            (no helmet)
rElec   .            g - +0 cloak
rCorr   .            (no gloves)
SInv    .            (no barding)
Will    .....        (no amulet)
Stlth   ++           (no ring)
HPRegen 0.26/turn    (no ring)
MPRegen 0.11/turn

%: roll
@: no status effects
A: large, rugged brown scales 3, deformed body, armoured tail, roll, long
tongue, awkward tongue
a: no special abilities


You were on level 3 of the Dungeon.
You visited 1 branch of the dungeon, and saw 3 of its levels.

You collected 46 gold pieces.

Inventory:

Hand Weapons
 a - a +2 quarterstaff of chaos (weapon)
 b - a +0 dagger
Armour
 g - a +0 cloak (worn)
 h - a +0 robe (worn)
Wands
 f - a wand of iceblast (9)
Scrolls
 d - 3 scrolls of identify {unknown}
 e - a scroll of torment {unknown}
 m - a scroll of poison {unknown}
Potions
 c - a potion of curing {unknown}
 i - a potion of magic
 j - a potion of brilliance {unknown}
 k - 2 potions of degeneration {unknown}
 l - 2 potions of attraction {unknown}
 n - 2 potions of cancellation {unknown}


   Skills:
 - Level 1.3 Dodging
 + Level 4.3 Stealth
 - Level 2.0 Spellcasting
 * Level 1.4 Transmutations
 * Level 4.9 Earth Magic


You had one spell level left.
You knew the following spells:

 Your Spells              Type           Power      Damage    Failure   Level
a - Sandblast             Erth           36%        2d10      2%          1
b - Petrify               Tmut/Erth      12%        N/A       45%         4
P - Passwall              Tmut/Erth      10%        N/A       8%          2

Your spell library contained the following spells:

 Spells                   Type           Power      Damage    Failure   Level
 Stone Arrow              Conj/Erth      20%        3d8       22%         3


Dungeon Overview and Level Annotations

Branches:
Dungeon (3/15)

Altars:


Innate Abilities, Weirdness & Mutations

You are completely covered in rugged brown scales. (AC +3, +7% HP)
Armour fits poorly on your strangely shaped body.
You have a long armoured tail.
You roll when moving toward enemies. (Rampage)
Your long tongue fully drains potion bottles. (2x potion effects)
Your tongue gives you trouble enunciating. (1.5x scroll delay)


Message History

Casting: Sandblast (safe; 2% risk of failure)
Confirm with . or Enter, or press ? or * to list all spells.
Aiming: Sandblast (safe; 2% risk of failure)
Press: ? - help, Shift-Dir - straight line, f/p - iguana
Aim: an iguana (severely wounded, 84% to hit)
The blast of sand hits the iguana but does no damage.
The iguana is severely wounded.
The iguana bites you! The iguana closely misses you.
Casting: Sandblast (safe; 2% risk of failure)
Confirm with . or Enter, or press ? or * to list all spells.
Aiming: Sandblast (safe; 2% risk of failure)
Press: ? - help, Shift-Dir - straight line, f/p - iguana
Aim: an iguana (severely wounded, 84% to hit)
The blast of sand hits the iguana but does no damage.
The iguana is severely wounded.
The iguana bites you.
* * * LOW HITPOINT WARNING * * *
You barely miss the iguana.
The iguana is severely wounded.
The iguana bites you.
* * * LOW HITPOINT WARNING * * *
The iguana bites you!
* * * LOW HITPOINT WARNING * * *
You barely miss the iguana.
The iguana is severely wounded.
The iguana bites you.
* * * LOW HITPOINT WARNING * * *
You barely miss the iguana.
Your tail-slap misses the iguana.
The iguana is severely wounded.
The iguana bites you.
* * * LOW HITPOINT WARNING * * *
Casting: Sandblast (safe; 2% risk of failure)
Confirm with . or Enter, or press ? or * to list all spells.
Aiming: Sandblast (safe; 2% risk of failure)
Press: ? - help, Shift-Dir - straight line, f/p - iguana
Aim: an iguana (severely wounded, 84% to hit)
The blast of sand hits the iguana but does no damage.
The iguana is severely wounded.
The iguana bites you!
You die...

#.#.#..#.# #.#..#
#.#.##.#.###.#....
#.#............#.. #
####.####.#..........
..
..........#####.#####
##.####......# #.#
..... #......#
#.....#.....##
#...l@....+
#.###.....# .......#
:#......# #.####+#.#
# ... ..


You could see an iguana.

Vanquished Creatures
  Crazy Yiuf (D:2)
  Natasha (thrice) (D:2)
  An orc wizard (D:3)
  4 adders
  2 worms (D:2)
  A dart slug (D:2)
  3 orcs (D:3)
  5 ball pythons
  6 bats
  9 endoplasms
  A giant cockroach (D:2)
  4 goblins
  2 hobgoblins
  3 jackals (D:2)
  3 kobolds
  A quokka (D:1)
  2 frilled lizards
  10 rats
61 creatures vanquished.

Notes
Turn   | Place    | Note
-------+----------+-------------------------------------------
     0 | D:1      | Cheops the Armataur Earth Elementalist began the quest for
                  | the Orb.
     0 | D:1      | Reached XP level 1. HP: 14/14 MP: 3/3
   229 | D:1      | Reached XP level 2. HP: 21/21 MP: 1/5
   344 | D:1      | You fall into a shaft and drop 1 floor!
   678 | D:2      | Reached XP level 3. HP: 27/27 MP: 4/6
   968 | D:2      | Found a runed translucent door.
   969 | D:2      | Noticed Crazy Yiuf
  1041 | D:2      | Noticed Natasha
  1046 | D:2      | Killed Natasha
  1047 | D:2      | Reached XP level 4. HP: 26/35 MP: 1/7
  1373 | D:2      | Noticed Natasha
  1384 | D:2      | Killed Natasha
  1621 | D:2      | Noticed Natasha
  1633 | D:2      | Killed Natasha
  1634 | D:2      | Reached XP level 5. HP: 10/40 MP: 2/8
  2136 | D:2      | Killed Crazy Yiuf
  2513 | D:1      | Learned a level 2 spell: Passwall
  2518 | D:1      | Learned a level 4 spell: Petrify
  2696 | D:1      | Reached skill level 1 in Transmutations
  3293 | D:3      | Slain by an iguana

Illustrated notes

Levels and vault maps discovered:
D:1:      lightli_arrival_farm, layout_basic, amcnicky_mini_rare_corridor_liquid
D:2:      layout_loops_ring, uniq_crazy_yiuf_cottage, uniq_natasha
D:3:      layout_basic, okawaru_metal_pillars_1_2, minmay_misc_feat_chi,
          minmay_box_of_dots

Skill      XL: |  1  2  3  4  5 |
---------------+----------------+-----
Spellcasting   | 2 |  2.0
Earth Magic    | 3 4 |  4.9
Stealth        | 3 4 |  4.3
Transmutations | 1 |  1.4
Dodging        | |  1.3

Action                     |  1- 3 |  4- 6 || total
---------------------------+-------+-------++-------
  Melee: Unarmed           |    13 |       ||    13
         Tailslap          |     2 |       ||     2
         Quarterstaff      |       |     7 ||     7
   Cast: Sandblast         |    54 |    60 ||   114
 Armour: Robe              |    11 |     9 ||    20
  Dodge: Dodged            |    10 |    19 ||    29
